cohdb
Replays
Latest Replays
All Replays
Popular Replays
Top Player Replays
Match Explorer
How It Works
Community
CoH3 Stats
Reddit
Sign in to upload your games and track your stats! →
Sign in with Steam
armored support vs airborne reinforce
Match 18119628
Overview
Messages
Build Orders
End
Scout Squad
Selects Airborne Battlegroup
Selects Pathfinders
Construct Barracks
Riflemen Squad
Riflemen Squad
Riflemen Squad
Infantry Support Center
Construct Motor Pool
M8 Greyhound Armored Car
Construct Medical Station
M1 Anti-tank Gun Team
Engineer Squad
M1 Anti-tank Gun Team
M1918 Browning Automatic Rifles
M1 Anti-tank Gun Team
Riflemen Squad
Selects Recon Loiter
Selects Paradrop Reinforcements
Paradrop Reinforcements
M24 Chaffee Light Tank
Riflemen Squad
Riflemen Squad
Munitions Surplus
AI Takeover
Charlotte
RtN.havoc
0
0
Comments
sign in to comment!
No comments posted yet!